AoeStats
← dorine6

Arabian Desert

510148166Analyzed
1v1 RM · 4d ago on Sep 29, 2026· 28m 9s· 2 players
Game mode
Random Map
Map size
Tiny (2 player)
Population
200
Speed
Normal
Resources
Standard
Victory
Conquest
Starting age
Dark Age
Ending age
Imperial Age
RankedLock teamsTeams togetherTeam positionsShared explorationLock speedFull tech treeHidden civsTurbo modeCheats
Victory
Defeat
🇫🇷 Shu · France
685
+20
🇺🇸 Italians · United States
712
-17
dorine6
2:54 Loom
11:34 Feudal Age
18:48 Fletching
18:51 Horse Collar
18:57 Double-Bit Axe
19:32 Padded Archer Armor
24:53 Castle Age
25:33 Bodkin Arrow
25:54 Leather Archer Armor
26:09 Elite Skirmisher
Who Keef Rirrie?
11:10 Feudal Age
11:53 Double-Bit Axe
12:05 Loom
13:45 Horse Collar
14:54 Fletching
20:58 Castle Age
26:35 Bodkin Arrow
26:41 Padded Archer Armor
Connection lost

Rejoining the realm…

Still unreachable

The connection could not be restored.

Session expired

The server has moved on; the page needs a fresh start.